 Dungeon Crawl Stone Soup version 0.28.0-53-g5a82cb258f (webtiles) character file.

Game seed: 10184571642571939498

4659 mcbry74 the Severer (level 10, -2/72 (77) HPs)
             Began as a Hill Orc Fighter on July 22, 2022.
             Was a Priest of Trog.
             Killed from afar by a gargoyle (13 damage)
             ... with a stone arrow
             ... on level 10 of the Dungeon.
             The game lasted 00:25:51 (12847 turns).

mcbry74 the Severer (Hill Orc Fighter)             Turns: 12847, Time: 00:25:51

HP:   -2/72 (77)    AC:  8    Str: 24    XL:     10   Next: 43%
MP:   10/10         EV: 10    Int:  8    God:    Trog [***...]
Gold: 768           SH:  5    Dex: 10    Spells: 9/9 levels left

rFire   . . .      SeeInvis .   a - +0 war axe
rCold   . . .      Faith    .   c - +0 buckler
rNeg    . . .      Spirit   .   D - +3 leather armour {rPois}
rPois   +          Reflect  .   (no helmet)
rElec   .          Harm     .   l - +0 cloak
rCorr   .          Rampage  .   (no gloves)
Will    .....                   (no boots)
Stlth   +.........              (no amulet)
HPRegen 0.22/turn               (no ring)
MPRegen 0.12/turn               (no ring)

@: drained
A: no striking features
a: Renounce Religion, Berserk, Trog's Hand


You were on level 10 of the Dungeon.
You worshipped Trog.
Trog was most pleased with you.
You visited 2 branches of the dungeon, and saw 11 of its levels.
You also visited: Ossuary.

You collected 768 gold pieces.

Inventory:

Hand Weapons
 a - a +0 war axe (weapon)
 b - a +2 vorpal trident
 J - a +4 mace of freezing
 K - a +4 hand axe
Missiles
 m - 21 poisoned darts (quivered)
 w - 15 boomerangs
 G - 6 javelins
Armour
 c - a +0 buckler (worn)
 e - a +2 chain mail
 l - a +0 cloak (worn)
 D - a +3 leather armour of poison resistance (worn)
 E - a +1 ring mail of cold resistance
Jewellery
 f - an amulet of faith
 j - an amulet of magic regeneration
 p - a ring of ice
Wands
 d - a wand of flame (18)
 F - a wand of iceblast (12)
 I - a wand of digging (5)
Scrolls
 i - 4 scrolls of amnesia
 k - 2 scrolls of blinking
 o - 2 scrolls of fear
 r - 4 scrolls of fog
 t - 3 scrolls of immolation
 u - a scroll of holy word
 y - 4 scrolls of teleportation
Potions
 h - 2 potions of lignification {unknown}
 n - 3 potions of cancellation
 q - 7 potions of curing {unknown}
 s - 2 potions of berserk rage {unknown}
 v - 3 potions of brilliance {unknown}
 x - a potion of haste {unknown}
 z - 4 potions of flight {unknown}
 A - a potion of invisibility {unknown}
 B - 3 potions of heal wounds {unknown}


   Skills:
 - Level 3.6 Fighting
 - Level 15.6 Axes
 + Level 1.5(8.7) Maces & Flails
 - Level 9.2 Armour
 + Level 5.3 Shields


You had 9 spell levels left.
You didn't know any spells.
Your spell library was empty.

Dungeon Overview and Level Annotations

Branches:
Dungeon (10/15)            Temple (1/1) D:5         Ossuary (visited)
   Lair: D:8-11         Orc: D:9-12

Altars:
Ashenzari
Cheibriados
Dithmenos
Elyvilon
Fedhas
Gozag
Hepliaklqana
Kikubaaqudgha
Makhleb
Nemelex Xobeh
Okawaru
Qazlal
Ru
Sif Muna
Trog
Uskayaw
Vehumet
Wu Jian
Xom
Yredelemnul
Zin
The Shining One

Shops:
D:2 (   D:7 *

Annotations:
D:8 exclusion: oklob plant
D:10 2 transporters


Message History

The orc priest shouts!
You hear a shout! x2
The orc high priest shouts!
The kobold demonologist shouts!
The kobold demonologist shouts!
The orc priest shouts!
There is a transporter here.
The orc sorcerer shouts!
The orc priest shouts, "Join the one true god or die!"
You hear a shout!
The orc priest shouts!
The orc priest shouts, "Beogh is our master!
Accept the truth or die!"
Found a great sword, a glowing quarterstaff and a helmet.
A gargoyle comes into view. It is wielding a +0 flail of pain.
Found 36 gold pieces.
Found a transporter.
The gargoyle hurls a stone arrow at you.
The stone arrow hits you!
You barely miss the gargoyle.
The gargoyle hits you with a +0 flail of pain!
You hit the gargoyle but do no damage.
The orc sorcerer becomes larger for a moment.
The gargoyle barely misses you.
You hit the gargoyle but do no damage. You hit the gargoyle but do no damage.
The gargoyle hits you with a +0 flail of pain!
You writhe in agony.
You slash the gargoyle!
The gargoyle is heavily damaged.
The gargoyle hurls a stone arrow at you.
The stone arrow hits you!!
* * * LOW HITPOINT WARNING * * *
The gargoyle hurls a stone arrow at you.
The stone arrow misses you.
The orc sorcerer shouts, "You can't withstand my power!"
The gargoyle hurls a stone arrow at you.
The stone arrow misses you.
Things that are here:
a +0 dagger; a +0 robe
Items here: )) [ †.
Items here: ( ) [ †.
The gargoyle hurls a stone arrow at you.
The stone arrow hits you!
You die...

#........## ##........#
#.........## ....##
##..........## #......
#.......)....# ##......
#.....<))....# #.......
#...........## #.......
##..........## #.......
##........@.## #...####
##.....###..### ##...#8P#
###..## ##.9.####....#P.#
#...## ##...#)9....#./#
###.#.######.#..)###..©#©.+
#............##.## ##..#./#
#..########..#.## ##.#P.#
#.#........#.).# #.#8P#
#.#.######.#..## #.####


You could see a gargoyle.

Vanquished Creatures
  A two-headed ogre (D:8)
  2 hornets
  A shadow (D:9)
  Eustachio (D:6)
  Menkaure (D:4)
  An acid dragon (D:9)
  A water moccasin (D:5)
  A sky beast (D:7)
  2 ogres (D:4)
  2 black bears
  A necrophage (D:7)
  3 centaurs
  2 phantoms
  2 kobold brigands
  A gnoll sergeant (D:6)
  A bullfrog (D:6)
  A wyvern zombie (D:9)
  4 killer bees (D:8)
  11 wights
  4 centaur zombies
  3 jellies
  A bullfrog zombie (D:6)
  4 orc priests
  3 bullfrog skeletons
  3 iguanas
  9 orc wizards
  A killer bee zombie (D:8)
  8 mummies (Ossuary)
  A howler monkey zombie (D:8)
  9 adders
  4 gnolls (D:5)
  3 shadow imps
  2 white imps
  An adder skeleton (D:5)
  A worm (D:3)
  4 dart slugs
  31 orcs
  6 ball pythons
  5 bats
  4 endoplasms
  6 giant cockroaches
  2 goblins
  9 hobgoblins
  6 quokkas
  3 frilled lizards
  3 hobgoblin zombies (Ossuary)
  14 kobolds
  3 kobold zombies (Ossuary)
  2 orc zombies (Ossuary)
  5 rats
  A rat zombie (D:5)
200 creatures vanquished.

Vanquished Creatures (others)
  An orc wizard (D:7)
  3 fungi (D:8)
  3 plants (D:8)
7 creatures vanquished.

Grand Total: 207 creatures vanquished

Notes
Turn   | Place    | Note
-------+----------+-------------------------------------------
     0 | D:1      | mcbry74 the Hill Orc Fighter began the quest for the Orb.
     0 | D:1      | Reached XP level 1. HP: 19/19 MP: 1/1
    71 | D:1      | Reached skill level 3 in Axes
    80 | D:1      | Reached XP level 2. HP: 23/26 MP: 2/2
   379 | D:1      | Reached skill level 4 in Axes
   510 | D:1      | Reached XP level 3. HP: 29/31 MP: 3/3
  1050 | D:2      | Found Ytituy's Weapon Boutique.
  1143 | D:2      | You fall into a shaft and drop 2 floors!
  1198 | D:4      | Found a bloodstained altar of Trog.
  1206 | D:4      | Became a worshipper of Trog the Wrathful
  1366 | D:3      | Reached XP level 4. HP: 39/39 MP: 4/4
  1618 | D:2      | Reached skill level 5 in Axes
  2054 | D:2      | Found a faded altar of an unknown god.
  3227 | D:4      | Reached XP level 5. HP: 41/45 MP: 5/5
  3259 | D:4      | Noticed an ogre
  3273 | D:4      | Killed an ogre
  3274 | D:4      | Reached skill level 6 in Axes
  3587 | D:4      | Reached XP level 6. HP: 48/51 MP: 6/6
  3640 | D:4      | Noticed Menkaure
  3670 | D:4      | Killed Menkaure
  3671 | D:4      | Reached skill level 7 in Axes
  3671 | D:4      | Reached skill level 5 in Armour
  3715 | D:4      | Reached skill level 8 in Axes
  3715 | D:4      | Reached XP level 7. HP: 20/57 MP: 7/7
  4284 | D:4      | Found a burning altar of Makhleb.
  4293 | D:4      | Found a broken altar of Ashenzari.
  4331 | D:5      | Entered Level 5 of the Dungeon
  4378 | D:5      | Found an ornate altar of the Wu Jian Council.
  4397 | D:5      | Found a sand-covered staircase.
  4405 | D:5      | Reached * piety under Trog
  4423 | Ossuary  | Entered an ossuary
  4483 | Ossuary  | Reached skill level 9 in Axes
  5109 | D:5      | Found a staircase to the Ecumenical Temple.
  5127 | D:5      | Reached XP level 8. HP: 47/64 MP: 8/8
  5272 | D:5      | Reached skill level 10 in Axes
  6098 | Temple   | Entered the Ecumenical Temple
  6890 | D:6      | Reached skill level 11 in Axes
  6959 | D:6      | Reached ** piety under Trog
  7252 | D:6      | Noticed Eustachio
  7269 | D:6      | Killed Eustachio
  7387 | D:6      | Found a shadowy altar of Dithmenos.
  7477 | D:6      | Reached skill level 12 in Axes
  7583 | D:7      | Reached XP level 9. HP: 61/70 MP: 9/9
  7597 | D:7      | HP: 3/70 [orc priest/+0 war axe (8)]
  8221 | D:7      | Found a flagged portal.
  8478 | D:7      | Found Casohur's General Store.
  8507 | D:7      | Reached skill level 13 in Axes
  9535 | D:8      | Noticed a hornet
  9543 | D:8      | Killed a hornet
  9845 | D:8      | Noticed a two-headed ogre
  9852 | D:8      | Killed a two-headed ogre
  9853 | D:8      | Reached skill level 14 in Axes
 10050 | D:8      | Reached XP level 10. HP: 30/77 MP: 10/10
 10570 | D:8      | Reached *** piety under Trog
 10741 | D:8      | Reached skill level 15 in Axes
 10983 | D:8      | Found a blossoming altar of Fedhas.
 11007 | D:8      | Noticed an oklob plant
 12102 | D:9      | Reached skill level 5 in Shields
 12568 | D:10     | Entered Level 10 of the Dungeon
 12580 | D:10     | Reached skill level 1 in Maces & Flails
 12745 | D:10     | Found a transporter.
 12800 | D:10     | Noticed a kobold demonologist
 12802 | D:10     | Noticed an orc high priest
 12802 | D:10     | Noticed a kobold demonologist
 12804 | D:10     | Noticed a kobold demonologist
 12809 | D:10     | Noticed an orc sorcerer
 12815 | D:10     | Found a transporter.
 12815 | D:10     | Noticed a gargoyle
 12847 | D:10     | Killed from afar by a gargoyle

Illustrated notes

Levels and vault maps discovered:
D:1:      ncdulo_wetmaze, layout_basic, minmay_close_crescents
D:2:      layout_loops_ring, serial_shops, nicolae_shop_crystal,
          hellmonk_ecumenical_altar_heavens_door
D:3:      layout_loops_corners, kennysheep_generic_room_12
D:4:      layout_cave_pools, bloody_trog, mainiacjoe_overflow_swirl,
          uniq_menkaure
D:5:      layout_basic, lemuel_doored_altar, minmay_temple_entry_stoned_glass,
          enter_ossuary_3
D:6:      layout_basic, grunt_dithmenos_smoke, amcnicky_mini_corridor_feature,
          hex_medium, sword_in_stone
D:7:      layout_loops_cross, enter_bailey_8, grunt_ministairs_4, minivault_4,
          corexii_checkpoint_b, nicolae_take_the_stairs
D:8:      layout_loops_ring, tgw_fedhas
D:9:      layout_loops_ring
D:10:     gammafunk_wand_slinger, layout_cave_pods, erik_lair_orcish_takeover,
          hellmonk_ghost_big_iron, hangedman_glass_teeth, minivault_21,
          grunt_ministairs_15, minivault_23, minivault_14, grunt_livestock,
          uniq_sonja
Temple:   lightli_temple_of_artemis

Skill      XL: |  1  2  3  4  5  6  7  8  9 10 |
---------------+-------------------------------+-----
Axes           | 3 4 5 6 8 9 12 14 15 | 15.6
Armour         | 4 5 6 7 9 |  9.2
Shields        | 5 |  5.3
Maces & Flails | 1 |  1.5
Fighting       | |  3.6

Action                   |  1- 3 |  4- 6 |  7- 9 | 10-12 || total
-------------------------+-------+-------+-------+-------++-------
Melee: War axe           |   115 |    98 |   414 |   140 ||   767
Throw: Dart              |       |     4 |       |     3 ||     7
       Boomerang         |       |       |     7 |       ||     7
Invok: Berserk           |       |       |     2 |     1 ||     3
  Use: Scroll            |       |     5 |     8 |     4 ||    17
       Potion            |       |     1 |       |       ||     1
Armor: Scale mail        |    65 |    34 |       |       ||    99
       Chain mail        |       |    18 |    87 |       ||   105
       Leather armour    |       |       |    70 |    25 ||    95
Dodge: Dodged            |    56 |    29 |   142 |    55 ||   282
Block: Buckler           |    26 |    25 |    64 |    19 ||   134
